TOP OF THE 1ST |
Seattle Rainiers batting - Pitching for Salem Sledgehammers : RHP Roberto Moreno
|
Pitching: RHP Roberto Moreno
|
|
Batting: RHB Aaron Holt
|
0-0: Called Strike 0-1: Foul Ball, location: 2F 0-2: Ball 1-2: Ball 2-2: Strikes out swinging passed ball, reaches first!
|
Batting: RHB Pedro Rodríguez
|
0-0: Called Strike 0-1: Ball 1-1: Ball 2-1: Foul Ball, location: 2F 2-2: Foul Ball, location: 2F 2-2: Foul Ball, location: 2F 2-2: Foul Ball, location: 2F 2-2: Ball 3-2: Foul Ball, location: 2F 3-2: Strikes out swinging
|
Batting: LHB Brian Boone
|
0-0: Ball 1-0: Called Strike 1-1: SINGLE (Flyball, 8RS) Aaron Holt to second
|
Batting: SHB Glenn Vadnais
|
0-0: 3-RUN HOME RUN (Flyball, 9D), Distance : 392 ft
|
Batting: RHB Alejandro Ramos
|
0-0: Ball 1-0: Ball 2-0: Called Strike 2-1: Ground out 4-3 (Groundball, 4)
|
Batting: RHB Vincent Fields
|
0-0: Ball 1-0: SINGLE (Groundball, 6MD)
|
Batting: LHB Juan Viera
|
0-0: Ball Vincent Fields is caught stealing 2nd base
|
Top of the 1st over - 3 run(s), 3 hit(s), 0 error(s), 0 left on base; Seattle 3 - Salem 0 |
BOTTOM OF THE 1ST |
Salem Sledgehammers batting - Pitching for Seattle Rainiers : RHP Miguel Valenzuela
|
Pitching: RHP Miguel Valenzuela
|
|
Batting: RHB William Richardson
|
0-0: Called Strike 0-1: Foul Ball, location: 2F 0-2: Hit by Pitch
|
Batting: RHB Brandon Pope
|
0-0: Ball 1-0: Called Strike 1-1: Ball 2-1: DOUBLE (Flyball, 89XD) William Richardson to third Runner from 3rd tries for Home, throw and OUT! Brandon Pope to third
|
Batting: SHB Lee Townsend
|
0-0: Called Strike 0-1: 2-RUN HOME RUN (Flyball, 9D), Distance : 417 ft
|
Batting: RHB Earnest Finnegan
|
0-0: DOUBLE (Groundball, 5L)
|
Batting: SHB Pepe Pińa
|
0-0: Called Strike 0-1: Ball 1-1: Ball 2-1: DOUBLE (Groundball, 3L) Earnest Finnegan scores
|
Batting: SHB Júlio Salazar
|
0-0: Called Strike 0-1: Swinging Strike 0-2: Ball 1-2: Foul Ball, location: 2F 1-2: Strikes out swinging
|
Batting: LHB Brent Alonzo
|
0-0: Ground out 4-3 (Groundball, 4M)
|
Bottom of the 1st over - 3 run(s), 4 hit(s), 0 error(s), 1 left on base; Seattle 3 - Salem 3 |
TOP OF THE 2ND |
Seattle Rainiers batting - Pitching for Salem Sledgehammers : RHP Roberto Moreno
|
Batting: LHB Juan Viera
|
0-0: Ball 1-0: Foul Ball, location: 2F 1-1: Foul Ball, location: 2F 1-2: Ball 2-2: Strikes out swinging
|
Batting: SHB Francisco Lópes
|
0-0: Called Strike 0-1: SINGLE (Flyball, 7S)
|
Batting: RHB Bill Dawson
|
0-0: Called Strike 0-1: Ball 1-1: Called Strike 1-2: Ball 2-2: Strikes out swinging
|
Batting: RHB Aaron Holt
|
0-0: Swinging Strike 0-1: Called Strike 0-2: Ball 1-2: Strikes out swinging
|
Top of the 2nd over - 0 run(s), 1 hit(s), 0 error(s), 1 left on base; Seattle 3 - Salem 3 |
BOTTOM OF THE 2ND |
Salem Sledgehammers batting - Pitching for Seattle Rainiers : RHP Miguel Valenzuela
|
Batting: RHB Fernando Pérez
|
0-0: Fly out, F9 (Flyball, 9LM)
|
Batting: RHB Ryan Cates
|
0-0: Ball 1-0: Ball 2-0: Swinging Strike 2-1: Ball 3-1: Base on Balls
|
Batting: RHB William Richardson
|
0-0: Called Strike 0-1: Called Strike 0-2: Ball 1-2: Ball 2-2: Ball 3-2: Base on Balls Ryan Cates to second
|
Batting: RHB Brandon Pope
|
0-0: Ball 1-0: Ball Wild Pitch! Ryan Cates to third William Richardson to second 2-0: Ball 3-0: Base on Balls
|
Batting: SHB Lee Townsend
|
0-0: Called Strike 0-1: Swinging Strike 0-2: Ball 1-2: Foul Ball, location: 2F 1-2: Foul Ball, location: 2F 1-2: Strikes out swinging
|
Batting: RHB Earnest Finnegan
|
0-0: Fly out, F5 (Popup, 56S)
|
Bottom of the 2nd over - 0 run(s), 0 hit(s), 0 error(s), 3 left on base; Seattle 3 - Salem 3 |
TOP OF THE 3RD |
Seattle Rainiers batting - Pitching for Salem Sledgehammers : RHP Roberto Moreno
|
Batting: RHB Pedro Rodríguez
|
0-0: Foul Ball, location: 2F 0-1: Ball 1-1: Fly out, F4 (Popup, 4D)
|
Batting: LHB Brian Boone
|
0-0: Ball 1-0: Ground out 1-3 (Groundball, 13)
|
Batting: SHB Glenn Vadnais
|
0-0: Ball 1-0: Foul Ball, location: 2F 1-1: Ball 2-1: Ball 3-1: Base on Balls
|
Batting: RHB Alejandro Ramos
|
0-0: Ground out 5-3 (Groundball, 5S)
|
Top of the 3rd over - 0 run(s), 0 hit(s), 0 error(s), 1 left on base; Seattle 3 - Salem 3 |
BOTTOM OF THE 3RD |
Salem Sledgehammers batting - Pitching for Seattle Rainiers : RHP Miguel Valenzuela
|
Batting: SHB Pepe Pińa
|
0-0: Ball 1-0: Fly out, F7 (Flyball, 7LM)
|
Batting: SHB Júlio Salazar
|
0-0: Fly out, F8 (Flyball, 8RM)
|
Batting: LHB Brent Alonzo
|
0-0: Called Strike 0-1: Foul Ball, location: 2F 0-2: SINGLE (Line Drive, 78S)
|
Batting: RHB Fernando Pérez
|
0-0: Ball 1-0: Swinging Strike 1-1: Foul Ball, location: 2F 1-2: Foul Ball, location: 2F 1-2: Ball 2-2: Ball 3-2: Base on Balls Brent Alonzo to second
|
Batting: RHB Ryan Cates
|
0-0: Ball 1-0: Ball 2-0: Foul Ball, location: 2F 2-1: Fly out, F5 (Line Drive, 5)
|
Bottom of the 3rd over - 0 run(s), 1 hit(s), 0 error(s), 2 left on base; Seattle 3 - Salem 3 |
TOP OF THE 4TH |
Seattle Rainiers batting - Pitching for Salem Sledgehammers : RHP Roberto Moreno
|
Batting: RHB Vincent Fields
|
0-0: SINGLE (Line Drive, 56)
|
Batting: LHB Juan Viera
|
0-0: Ball 1-0: Called Strike 1-1: SINGLE (Line Drive, 34) Vincent Fields to second
|
Batting: SHB Francisco Lópes
|
0-0: Ball 1-0: Fly out, F8 (Line Drive, 8LM)
|
Batting: RHB Bill Dawson
|
0-0: Called Strike 0-1: Ball 1-1: Ball 2-1: Ball 3-1: Called Strike 3-2: Strikes out swinging
|
Batting: RHB Aaron Holt
|
0-0: Called Strike 0-1: Ball 1-1: Called Strike 1-2: Hit by Pitch Vincent Fields to third Juan Viera to second
|
Batting: RHB Pedro Rodríguez
|
0-0: Called Strike 0-1: Fly out, F9 (Flyball, 89S)
|
Top of the 4th over - 0 run(s), 2 hit(s), 0 error(s), 3 left on base; Seattle 3 - Salem 3 |
BOTTOM OF THE 4TH |
Salem Sledgehammers batting - Pitching for Seattle Rainiers : RHP Miguel Valenzuela
|
Batting: RHB William Richardson
|
0-0: Called Strike 0-1: Foul Ball, location: 2F 0-2: Strikes out swinging
|
Batting: RHB Brandon Pope
|
0-0: Ball 1-0: Swinging Strike 1-1: Foul Ball, location: 2F 1-2: Foul Ball, location: 2F 1-2: Foul Ball, location: 2F 1-2: Foul Ball, location: 2F 1-2: Foul Ball, location: 2F 1-2: Ball 2-2: Strikes out swinging
|
Batting: SHB Lee Townsend
|
0-0: Ball 1-0: Foul Ball, location: 2F 1-1: Foul Ball, location: 2F 1-2: Ball 2-2: Foul Ball, location: 2F 2-2: Foul Ball, location: 2F 2-2: Strikes out swinging
|
Bottom of the 4th over - 0 run(s), 0 hit(s), 0 error(s), 0 left on base; Seattle 3 - Salem 3 |
TOP OF THE 5TH |
Seattle Rainiers batting - Pitching for Salem Sledgehammers : RHP Roberto Moreno
|
Batting: LHB Brian Boone
|
0-0: Fly out, F9 (Flyball, 9M)
|
Batting: SHB Glenn Vadnais
|
0-0: Called Strike 0-1: Foul Ball, location: 2F 0-2: Foul Ball, location: 2F 0-2: Ball 1-2: Foul Ball, location: 2F 1-2: Ball 2-2: Ball 3-2: Foul Ball, location: 2F 3-2: Base on Balls
|
Batting: RHB Alejandro Ramos
|
0-0: Foul Ball, location: 2F 0-1: Foul Ball, location: 2F 0-2: Fly out, F2 (Popup, 2LF)
|
Batting: RHB Vincent Fields
|
0-0: Called Strike 0-1: Swinging Strike 0-2: Ball 1-2: Ground out 5-3 (Groundball, 5S)
|
Top of the 5th over - 0 run(s), 0 hit(s), 0 error(s), 1 left on base; Seattle 3 - Salem 3 |
BOTTOM OF THE 5TH |
Salem Sledgehammers batting - Pitching for Seattle Rainiers : RHP Miguel Valenzuela
|
Batting: RHB Earnest Finnegan
|
0-0: Called Strike 0-1: Ball 1-1: Foul Ball, location: 2F 1-2: Ball 2-2: Foul Ball, location: 2F 2-2: Ball 3-2: Strikes out looking
|
Pitching: LHP Jeff Stevenson
|
|
Batting: SHB Pepe Pińa
|
0-0: Called Strike 0-1: Ball 1-1: Ball 2-1: Ball 3-1: Base on Balls
|
Batting: SHB Júlio Salazar
|
0-0: Ball 1-0: Bunted foul 1-1: Foul Ball, location: 2F 1-2: Foul Ball, location: 2F 1-2: Foul Ball, location: 2F 1-2: Strikes out swinging
|
Batting: LHB Brent Alonzo
|
0-0: Ball 1-0: Foul Ball, location: 2F 1-1: DOUBLE (Flyball, 78D) Pepe Pińa to third Runner from 3rd tries for Home, SAFE, no throw or cutoff
|
Batting: RHB Fernando Pérez
|
0-0: Intentional Walk
|
Batting: RHB Ryan Cates
|
0-0: Ball 1-0: Ball 2-0: Ball 3-0: Base on Balls Brent Alonzo to third Fernando Pérez to second
|
Batting: RHB William Richardson
|
0-0: Called Strike 0-1: Called Strike 0-2: Foul Ball, location: 2F 0-2: Fly out, F4 (Line Drive, 4)
|
Bottom of the 5th over - 1 run(s), 1 hit(s), 0 error(s), 3 left on base; Seattle 3 - Salem 4 |
TOP OF THE 6TH |
Seattle Rainiers batting - Pitching for Salem Sledgehammers : RHP Roberto Moreno
|
Pitching: RHP Jeff Hansen
|
|
Batting: LHB Juan Viera
|
0-0: Called Strike 0-1: Ball 1-1: Ground out 4-3 (Groundball, 4)
|
Batting: SHB Francisco Lópes
|
0-0: Ball 1-0: Ball 2-0: Called Strike 2-1: Ball 3-1: Base on Balls
|
Batting: RHB Bill Dawson
|
0-0: Ball 1-0: Foul Ball, location: 2F 1-1: Fly out, F8 (Flyball, 8RM)
|
Batting: RHB Aaron Holt
|
0-0: Foul Ball, location: 2F 0-1: Ball 1-1: Foul Ball, location: 2F 1-2: Foul Ball, location: 2F 1-2: Ball 2-2: Strikes out swinging
|
Top of the 6th over - 0 run(s), 0 hit(s), 0 error(s), 1 left on base; Seattle 3 - Salem 4 |
BOTTOM OF THE 6TH |
Salem Sledgehammers batting - Pitching for Seattle Rainiers : LHP Jeff Stevenson
|
Batting: RHB Brandon Pope
|
0-0: Ball 1-0: Ball 2-0: Ball 3-0: Base on Balls
|
Batting: SHB Lee Townsend
|
0-0: Ball 1-0: Grounds into double play, U6-3 (Groundball, 6M)
|
Batting: RHB Earnest Finnegan
|
0-0: Called Strike 0-1: Foul Ball, location: 2F 0-2: Fly out, F9 (Flyball, 9M)
|
Bottom of the 6th over - 0 run(s), 0 hit(s), 0 error(s), 0 left on base; Seattle 3 - Salem 4 |
TOP OF THE 7TH |
Seattle Rainiers batting - Pitching for Salem Sledgehammers : RHP Jeff Hansen
|
Batting: RHB Pedro Rodríguez
|
0-0: Ball 1-0: Swinging Strike 1-1: Called Strike 1-2: Fly out, F6 (Line Drive, 56)
|
Batting: LHB Brian Boone
|
0-0: Called Strike 0-1: Foul Ball, location: 2F 0-2: Ball 1-2: Ball 2-2: Strikes out swinging
|
Batting: SHB Glenn Vadnais
|
0-0: Ball 1-0: Swinging Strike 1-1: Called Strike 1-2: SINGLE (Groundball, 4M)
|
Batting: RHB Alejandro Ramos
|
0-0: Swinging Strike 0-1: Ball 1-1: Ball 2-1: Foul Ball, location: 2F 2-2: Ball 3-2: Strikes out swinging
|
Top of the 7th over - 0 run(s), 1 hit(s), 0 error(s), 1 left on base; Seattle 3 - Salem 4 |
BOTTOM OF THE 7TH |
Salem Sledgehammers batting - Pitching for Seattle Rainiers : LHP Jeff Stevenson
|
Batting: SHB Pepe Pińa
|
0-0: Ball 1-0: Fly out, F9 (Flyball, 9M)
|
Pitching: RHP César Rodríguez
|
|
Batting: SHB Júlio Salazar
|
0-0: Foul Ball, location: 2F 0-1: Ball 1-1: Swinging Strike 1-2: Strikes out swinging
|
Batting: LHB Brent Alonzo
|
0-0: Ball 1-0: Fly out, F5 (Line Drive, 5)
|
Bottom of the 7th over - 0 run(s), 0 hit(s), 0 error(s), 0 left on base; Seattle 3 - Salem 4 |
TOP OF THE 8TH |
Seattle Rainiers batting - Pitching for Salem Sledgehammers : RHP Jeff Hansen
|
Pitching: RHP Omar Camacho
|
|
Batting: RHB Vincent Fields
|
0-0: Called Strike 0-1: Swinging Strike 0-2: Ball 1-2: Strikes out looking
|
Pitching: RHP Vaughan Gillespie
|
|
Batting: LHB Juan Viera
|
0-0: Swinging Strike 0-1: Ball 1-1: Called Strike 1-2: Fly out, F6 (Popup, 7LSF)
|
Batting: SHB Francisco Lópes
|
0-0: Ball 1-0: Ball 2-0: Swinging Strike 2-1: Foul Ball, location: 2F 2-2: Strikes out looking
|
Top of the 8th over - 0 run(s), 0 hit(s), 0 error(s), 0 left on base; Seattle 3 - Salem 4 |
BOTTOM OF THE 8TH |
Salem Sledgehammers batting - Pitching for Seattle Rainiers : RHP César Rodríguez
|
Batting: RHB Fernando Pérez
|
0-0: Called Strike 0-1: Ball 1-1: Ball 2-1: Ball 3-1: Base on Balls
|
Pinch Hitting: RHB B.J. Allen
|
0-0: Bunted foul 0-1: Ball 1-1: Bunted foul 1-2: SINGLE (Flyball, 78S) Fernando Pérez to second
|
Batting: RHB William Richardson
|
0-0: Foul Ball, location: 2F 0-1: Ball 1-1: Ball 2-1: Foul Ball, location: 2F 2-2: Foul Ball, location: 2F 2-2: Foul Ball, location: 2F 2-2: Fly out, F3 (Popup, 3DF)
|
Pinch Hitting: LHB José Rivera
|
0-0: Swinging Strike 0-1: Ball 1-1: Foul Ball, location: 2F 1-2: Foul Ball, location: 2F 1-2: Foul Ball, location: 2F 1-2: Ball 2-2: Strikes out swinging
|
Batting: SHB Lee Townsend
|
0-0: Foul Ball, location: 2F 0-1: Swinging Strike 0-2: Strikes out swinging
|
Bottom of the 8th over - 0 run(s), 1 hit(s), 0 error(s), 2 left on base; Seattle 3 - Salem 4 |
TOP OF THE 9TH |
Seattle Rainiers batting - Pitching for Salem Sledgehammers : RHP Vaughan Gillespie
|
Pitching: RHP Rick Haynes
|
|
Now at 1B: Finn Buys
|
|
Now at 3B: Dale Reeves
|
|
Pinch Hitting: LHB Tom Baker
|
0-0: Hit by Pitch
|
Pinch Hitting: RHB José Gómez
|
0-0: Ball 1-0: Sac Bunt - play at first, batter OUT! 1-4 Tom Baker to second
|
Batting: RHB Pedro Rodríguez
|
0-0: Swinging Strike 0-1: Ball 1-1: Fly out, F9 (Flyball, 9M)
|
Batting: LHB Brian Boone
|
0-0: SINGLE (Groundball, 34) Tom Baker to third Runner from 3rd tries for Home, SAFE, no throw or cutoff
|
Batting: SHB Glenn Vadnais
|
Pickoff Throw to First - Error! E1 Brian Boone to second 0-0: Called Strike 0-1: Ball 1-1: Called Strike 1-2: Foul Ball, location: 2F 1-2: Strikes out looking
|
Top of the 9th over - 1 run(s), 1 hit(s), 1 error(s), 1 left on base; Seattle 4 - Salem 4 |
BOTTOM OF THE 9TH |
Salem Sledgehammers batting - Pitching for Seattle Rainiers : RHP César Rodríguez
|
Now at 2B: Elpidio Martinho
|
|
Now at 3B: Tony Rivera
|
|
Batting: RHB Earnest Finnegan
|
0-0: Ground out 5-3 (Groundball, 56S)
|
Batting: SHB Pepe Pińa
|
0-0: Ground out 3-1 (Groundball, 34)
|
Pinch Hitting: RHB Benjamin Lawson
|
0-0: Ball 1-0: Swinging Strike 1-1: Foul Ball, location: 2F 1-2: Strikes out swinging
|
Bottom of the 9th over - 0 run(s), 0 hit(s), 0 error(s), 0 left on base; Seattle 4 - Salem 4 |
TOP OF THE 10TH |
Seattle Rainiers batting - Pitching for Salem Sledgehammers : RHP Rick Haynes
|
Now in CF: Benjamin Lawson
|
|
Pinch Hitting: RHB Chris Parker
|
0-0: Called Strike 0-1: Ball 1-1: Foul Ball, location: 2F 1-2: Ground out 4-3 (Groundball, 4S)
|
Batting: RHB Vincent Fields
|
0-0: Called Strike 0-1: Ball 1-1: Swinging Strike 1-2: Foul Ball, location: 2F 1-2: Ball 2-2: Strikes out swinging
|
Batting: LHB Juan Viera
|
0-0: Fly out, F8 (Flyball, 8RD)
|
Top of the 10th over - 0 run(s), 0 hit(s), 0 error(s), 0 left on base; Seattle 4 - Salem 4 |
BOTTOM OF THE 10TH |
Salem Sledgehammers batting - Pitching for Seattle Rainiers : RHP César Rodríguez
|
Now at C: Trent Rasmussen
|
|
Batting: LHB Brent Alonzo
|
0-0: Ball 1-0: Ball 2-0: Swinging Strike 2-1: Swinging Strike 2-2: Ground out 3-1 (Groundball, 3L)
|
Batting: RHB Fernando Pérez
|
0-0: Called Strike 0-1: Ball 1-1: Ball 2-1: Swinging Strike 2-2: Foul Ball, location: 2F 2-2: SINGLE (Groundball, 6S)
|
Pinch Hitting: SHB Luis Alonso
|
0-0: Ball 1-0: Fly out, F4 (Line Drive, 4)
|
Pitching: RHP Jorge Chávez
|
|
Batting: RHB William Richardson
|
0-0: Called Strike 0-1: Swinging Strike 0-2: Ball 1-2: Ball 2-2: Ball 3-2: Foul Ball, location: 2F 3-2: Foul Ball, location: 2F 3-2: Strikes out looking
|
Bottom of the 10th over - 0 run(s), 1 hit(s), 0 error(s), 1 left on base; Seattle 4 - Salem 4 |
TOP OF THE 11TH |
Seattle Rainiers batting - Pitching for Salem Sledgehammers : RHP Rick Haynes
|
Pitching: RHP Carlos Morán
|
|
Now in LF: Nathan Frey
|
|
Batting: SHB Francisco Lópes
|
0-0: Reached on Error, E6 (Popup, 5D)
|
Batting: LHB Tony Rivera
|
0-0: Ball 1-0: Swinging Strike 1-1: Called Strike 1-2: Strikes out swinging
|
Batting: RHB Elpidio Martinho
|
0-0: SINGLE (Groundball, 4M) Francisco Lópes to second
|
Batting: RHB Pedro Rodríguez
|
0-0: Ball 1-0: Ball 2-0: Fielders Choice at 2nd, 4-6 (Groundball, 4) Francisco Lópes to third
|
Batting: LHB Brian Boone
|
0-0: Swinging Strike 0-1: Foul Ball, location: 2F 0-2: Foul Ball, location: 2F 0-2: Ball 1-2: Foul Ball, location: 2F 1-2: Fly out, F2 (Popup, 23)
|
Top of the 11th over - 0 run(s), 1 hit(s), 1 error(s), 2 left on base; Seattle 4 - Salem 4 |
BOTTOM OF THE 11TH |
Salem Sledgehammers batting - Pitching for Seattle Rainiers : RHP Jorge Chávez
|
Batting: RHB Dale Reeves
|
0-0: Foul Ball, location: 2F 0-1: Ball 1-1: Called Strike 1-2: SINGLE (Line Drive, 56D)
|
Batting: SHB Lee Townsend
|
0-0: Ball 1-0: Ball 2-0: Called Strike Dale Reeves steals 2nd base 2-1: Intentional Walk
|
Batting: RHB Earnest Finnegan
|
0-0: Called Strike 0-1: Called Strike 0-2: Ball 1-2: Ball 2-2: SINGLE (Groundball, 56D) Dale Reeves to third Lee Townsend to second Runner from 3rd tries for Home, SAFE, no throw or cutoff
|
|